Map: [ESL] Tropical Sacrifice

Players

herO - Winner!

  • Race: Protoss Protoss
  • Spawn Location: 1:00

Clem

  • Race: Terran Terran
  • Spawn Location: 7:00

Event: DreamHack SC2 Masters 2022 Valencia

VOD

Have the link to the VOD?

Description

Time

  • Played on: July 3, 2022, 4:45 a.m.
  • Length: 8:36

All games in this series

Show
View Real Time Build Order
Export as new Build Order

herO Protoss - Winner!

Build Orders: Oracle Opening, Blink Stalkers 

Get SALT Encoding   

  12  0:00  Probe  
  13  0:15  Pylon  
  13  0:17  Probe  
  14  0:29  Probe (Chrono Boost)  
  14  0:34  Gateway  
  15  0:41  Probe (Chrono Boost)  
  16  0:44  Assimilator  
  16  0:48  Probe (Chrono Boost)  
  17  0:52  Assimilator  
  17  0:55  Probe  
  18  1:07  Probe  
  19  1:19  Probe  
  19  1:21  Cybernetics Core  
  19  1:23  Pylon  
  20  1:31  Probe  
  23  1:44  Probe  
  22  1:54  Adept (Chrono Boost)  
  22  1:58  Stargate  
  25  2:07  Warp Gate  
  24  2:17  Adept  
  26  2:26  Nexus  
  26  2:29  Pylon  
  26  2:32  Probe  
  27  2:40  Oracle (Chrono Boost)  
  30  2:47  Probe  
  31  2:59  Probe  
  31  3:02  Twilight Council  
  32  3:11  Probe  
  33  3:23  Probe (Chrono Boost)  
  34  3:30  Gateway  
  34  3:31  Gateway  
  34  3:35  Probe (Chrono Boost)  
  34  3:40  Probe (Chrono Boost)  
  36  3:43  Blink (Chrono Boost)  
  36  3:44  Probe (Chrono Boost)  
  36  3:47  Probe (Chrono Boost)  
  38  3:51  Probe (Chrono Boost)  
  38  3:52  Probe (Chrono Boost)  
  40  3:59  Stalker  
  42  4:04  Probe  
  42  4:05  Probe  
  42  4:09  Pylon  
  44  4:17  Probe  
  44  4:18  Probe  
  44  4:22  Pylon  
  46  4:28  Stalker  
  46  4:29  Stalker  
  50  4:31  Stalker  
  50  4:34  Probe  
  50  4:35  Probe  
  54  4:42  Gateway  
  54  4:45  Assimilator  
  54  4:47  Probe  
  54  4:48  Probe  
  56  4:59  Stalker x2  
  60  5:00  Stalker  
  60  5:03  Probe  
  63  5:08  Pylon  
  63  5:23  Stalker x2  
  63  5:24  Stalker  
  69  5:32  Nexus  
  69  5:52  Stalker x4  
  75  5:57  Charge (Chrono Boost)  
  75  5:58  Probe x2  
  71  6:15  Stalker  
  71  6:16  Stalker x2  
  77  6:20  Pylon  
  77  6:21  Gateway  
  77  6:25  Pylon, Probe  
  78  6:38  Probe  
  78  6:39  Probe  
  80  6:43  Stalker x3  
  80  6:44  Stalker  
  80  6:45  Probe  
  89  6:50  Probe  
  89  6:54  Forge  
  90  6:57  Gateway  
  90  6:58  Probe x2  
  92  7:03  Probe  
  93  7:11  Stalker  
  93  7:12  Stalker x3  
  101  7:16  Probe x3  
  104  7:29  Pylon  
  104  7:30  Gateway  
  104  7:40  Stalker x2  
  104  7:43  Pylon  
  108  7:46  Pylon  
  108  7:49  Gateway  
  106  7:55  Zealot x4  
  106  7:58  Probe x3  
  117  8:04  Zealot x2  
  119  8:17  Zealot x4  
  117  8:26  Zealot x2  
Show
View Real Time Build Order
Export as new Build Order

Clem Terran 

Build Orders: Cyclone Opening 

Get SALT Encoding   

  12  0:00  SCV  
  13  0:12  SCV  
  14  0:17  Supply Depot  
  14  0:24  SCV  
  15  0:28  Refinery  
  15  0:39  SCV  
  16  0:46  Barracks  
  16  0:51  SCV  
  17  1:03  SCV  
  18  1:07  Engineering Bay  
  18  1:15  SCV  
  19  1:33  Orbital Command  
  19  1:36  Factory  
  19  1:39  Marine  
  20  1:47  Supply Depot  
  20  1:58  Barracks Tech Lab  
  20  1:59  SCV  
  21  2:11  SCV  
  22  2:23  SCV, Marine  
  24  2:32  Cyclone  
  27  2:39  Command Center  
  27  2:42  SCV  
  28  2:46  Supply Depot  
  28  2:49  Barracks Reactor  
  28  2:54  SCV  
  29  3:01  Barracks  
  29  3:06  SCV  
  29  3:11  Cyclone  
  33  3:14  Refinery  
  33  3:18  SCV  
  34  3:25  Marine x2  
  36  3:28  Supply Depot  
  36  3:30  SCV  
  37  3:41  Engineering Bay  
  37  3:42  SCV  
  38  3:49  Marine  
  38  3:50  Marine  
  38  3:54  SCV  
  41  3:56  Factory Tech Lab  
  41  4:00  Bunker  
  41  4:01  Marine  
  41  4:02  Stimpack  
  42  4:06  SCV  
  43  4:10  Marine x2  
  45  4:17  Orbital Command  
  45  4:19  SCV  
  46  4:26  Siege Tank  
  49  4:33  SCV, Marine  
  49  4:34  Marine  
  49  4:37  Marine  
  53  4:44  SCV  
  54  4:46  Supply Depot  
  54  4:51  SCV, Marine  
  54  4:52  Marine  
  57  4:55  Marauder  
  57  4:56  SCV  
  59  5:03  SCV  
  59  5:04  Starport  
  60  5:08  SCV, Supply Depot  
  60  5:10  Factory Reactor  
  60  5:12  Terran Infantry Weapons Level 1  
  61  5:15  Marine x2  
  61  5:17  SCV  
  61  5:20  Marauder  
  66  5:24  SCV  
  66  5:26  Barracks  
  67  5:29  SCV  
  67  5:33  Supply Depot  
  68  5:35  Refinery  
  68  5:36  SCV  
  68  5:37  Marine  
  68  5:38  Marine  
  68  5:41  SCV  
  72  5:45  Marauder  
  72  5:48  SCV  
  69  5:55  Marine  
  69  5:56  SCV  
  65  6:02  Marine  
  63  6:04  Refinery  
  63  6:06  Medivac, Marauder  
  69  6:11  Medivac, Widow Mine  
  69  6:14  Marine  
  69  6:17  SCV  
  73  6:19  SCV  
  73  6:20  Marine  
  73  6:23  Marauder  
  76  6:28  Supply Depot  
  76  6:30  Marauder  
  76  6:31  SCV  
  79  6:35  SCV  
  79  6:40  Medivac  
  79  6:43  Medivac  
  79  6:44  SCV  
  79  6:46  Marine x2  
  84  6:47  SCV  
  84  6:49  Factory Reactor  
  84  6:52  Marauder  
  87  6:58  Combat Shield  
  87  6:59  Marauder  
  85  7:03  SCV  
  85  7:04  Marine  
  85  7:07  Marine  
  79  7:10  SCV  
  79  7:13  Medivac, Marauder  
  83  7:21  Marauder  
  83  7:22  Marine, Supply Depot  
  84  7:25  Marine  
  84  7:29  Widow Mine x2  
  86  7:30  Medivac  
  86  7:34  Marauder  
  89  7:39  Marine  
  89  7:41  Command Center  
  89  7:42  Marine, Marauder  
  93  7:47  Supply Depot  
  93  7:55  SCV, Supply Depot  
  94  8:09  SCV, Marauder, Widow Mine x2  
  94  8:10  Marine  
  94  8:11  Marine, Marauder  
  102  8:17  SCV  
  90  8:21  SCV  

Tags
 
Add a new tag
Caveats
  • Supply blocks, unpowered buildings, or Contaminate may cause inaccurate times.
  • Supply counts are checked every 10 seconds.